 Dungeon Crawl Stone Soup version 0.31-a0-188-g5e087ee2ca (webtiles) character file.

Game seed: 632188207894303761

69 qw the Shooter (level 4, -1/25 HPs)
             Began as a Deep Elf Hunter on June 23, 2023.
             Slain by an orc wizard
             ... wielding a +0 dagger
              (2 damage)
             ... on level 2 of the Dungeon.
             The game lasted 00:00:24 (1064 turns).

qw the Shooter (Deep Elf Hunter)                    Turns: 1064, Time: 00:00:24

Health: -1/25      AC:  5    Str: 10    XL:     4   Next: 2%
Magic:  6/6        EV:  8    Int: 14    God:
Gold:   104        SH:  0    Dex: 18    Spells: 3/3 levels left

rFire   . . .        Y - +0 shortbow
rCold   . . .        (shield currently unavailable)
rNeg    . . .        f - +0 ring mail
rPois   .            (no helmet)
rElec   .            (no cloak)
rCorr   .            (no gloves)
SInv    .            (no boots)
Will    .....        (no amulet) Stlth
                     (no ring)
HPRegen 0.24/turn    (no ring)
MPRegen 0.10/turn

%: no passive effects
@: confused, constricted
A: no striking features
a: no special abilities


You were on level 2 of the Dungeon.
You visited 1 branch of the dungeon, and saw 2 of its levels.

You collected 104 gold pieces.


   Skills:
 - Level 1.5 Fighting
 + Level 7.4 Ranged Weapons
 - Level 2.4 Dodging
 - Level 1.2 Stealth


You had 3 spell levels left.
You didn't know any spells.
Your spell library was empty.

Inventory:

Hand Weapons
 Y - a +0 shortbow (weapon)
Armour
 f - a +0 ring mail (worn)
Jewellery
 c - a ring of wizardry
Scrolls
 g - a scroll of teleportation {unknown}
Potions
 a - a potion of curing {unknown}
 b - 2 potions of heal wounds {unknown}
 d - a potion of degeneration {unknown}
 e - a potion of mutation {unknown}

Dungeon Overview and Level Annotations

Branches:
Dungeon (2/15)

Altars:


Message History

You shoot an arrow. The arrow hits the orc.
The orc is heavily wounded.
An orc comes into view. It is wielding a +0 hand axe.
You shoot an arrow. The arrow hits the orc.
You kill the orc!
Something hits you. Something hits you but does no damage.
You shoot an arrow. The arrow barely misses the orc.
Something hits you but does no damage. The orc hits you with a +0 short sword.
You shoot an arrow. The arrow hits the orc.
The orc is severely wounded.
Something hits you. The orc hits you but does no damage.
You shoot an arrow. The arrow hits the orc.
You kill the orc!
Something hits you.
You have reached level 4!
You feel clever.
You shoot an arrow. The arrow closely misses the orc.
Something hits you but does no damage. The orc hits you with a +0 hand axe.
You shoot an arrow.
The arrow hits the orc but does no damage.
You hear some strange, mumbled words.
You are confused.
The orc hits you but does no damage. Something hits you.
The orc hits you with a +0 hand axe. Something hits you but does no damage.
The orc barely misses you. Something hits you but does no damage.
The orc hits you but does no damage. Something hits you.
The orc hits you with a +0 hand axe. Something hits you but does no damage.
The orc hits you with a +0 hand axe. Something hits you.
The orc barely misses you.
A ball python comes into view.
You feel less confused.
The ball python hisses angrily.
You hear some strange, mumbled words.
You are confused.
The orc misses you. Something hits you but does no damage.
The orc hits you with a +0 hand axe. Something hits you.
The orc barely misses you. Something hits you but does no damage.
The orc closely misses you. The ball python barely misses you.
The ball python grabs you. The ball python constricts you. Something hits you.
You die...

...####.#...........#.###...##.
. #.#####...#####.###.#.##. #.#
#...# #.......%.. #.# #...#
#######.### ..# #...# #....
########.#### ##### #.........#
#.#.##..#.# # #@o# #
#.....){S....# ...#..##)#.#.#
.... .#.# ..##. .. # # ## ###


You could see an orc and a ball python.

Vanquished Creatures
  4 gnolls
  A dart slug (D:1)
  3 orcs (D:2)
  3 bats
  2 endoplasms (D:1)
  A giant cockroach (D:2)
  4 hobgoblins (D:1)
  5 kobolds
  2 ball pythons (D:1)
  A frilled lizard (D:1)
  A rat (D:2)
27 creatures vanquished.

Notes
Turn   | Place    | Note
-------+----------+-------------------------------------------
     0 | D:1      | qw the Deep Elf Hunter began the quest for the Orb.
     0 | D:1      | Reached XP level 1. HP: 12/12 MP: 3/3
     0 | D:1      | 0 ||| qw: Version: 0.3-a-9-g12657ce
     0 | D:1      | 0 ||| qw: Game counter: 3573
     0 | D:1      | 0 ||| qw: Always use a shield: true
     0 | D:1      | 0 ||| qw: God list: Okawaru
     0 | D:1      | 0 ||| qw: Allow faded altars: false
     0 | D:1      | 0 ||| qw: Do Orc after D:15 true
     0 | D:1      | 0 ||| qw: Do second Lair branch before Depths: true
     0 | D:1      | 0 ||| qw: Lair rune preference: random
     0 | D:1      | 0 ||| qw: Plans: Normal
     0 | D:1      | 0 ||| PLANNING D:1-11
   116 | D:1      | Reached skill level 6 in Ranged Weapons
   116 | D:1      | Reached XP level 2. HP: 16/16 MP: 4/4
   737 | D:1      | Reached XP level 3. HP: 19/20 MP: 5/5
   764 | D:1      | 764 ||| UPGRADING to +0 ring mail.
   774 | D:1      | 774 ||| DROPPING +0 leather armour.
   775 | D:1      | 775 ||| READING scroll labelled GALOVUT EJOSOIZIE.
   776 | D:1      | 776 ||| DROPPING scroll of butterflies.
   824 | D:2      | Reached skill level 7 in Ranged Weapons
   824 | D:2      | HP: 3/20 [gnoll/+0 flail (3)]
   853 | D:2      | 853 ||| FLEEEEING.
   863 | D:2      | 863 ||| STAIRDANCE
  1052 | D:2      | Reached XP level 4. HP: 19/25 MP: 6/6
  1058 | D:2      | HP: 5/25 [orc/+0 hand axe (3)]
  1061 | D:2      | HP: 1/25 [orc/+0 hand axe (3)]
  1064 | D:2      | Slain by an orc wizard

Levels and vault maps discovered:
D:1:      roderic_crop_circles_arrival_small, layout_basic
D:2:      layout_loops_cross, basic_ecumenical_altar, uniq_robin

Skill      XL: |  1  2  3 |
---------------+----------+-----
Ranged Weapons | 6 7 |  7.4
Fighting       | |  1.5
Dodging        | |  2.4
Stealth        | |  1.2

Action                     |  1- 3 |  4- 6 || total
---------------------------+-------+-------++-------
   Fire: Shortbow          |    70 |     2 ||    72
    Use: Scroll            |     1 |       ||     1
 Armour: Ring mail         |     5 |     8 ||    13
  Dodge: Dodged            |    20 |     6 ||    26

Table legend:
 A = Non-vault XP
 B = Vault XP
 C = Vault XP percentage of total XP
 D = Non-vault monster count
 E = Vault monster count
 F = Vault count percentage of total count
                 A         B        C        D         E       F
            +---------+---------+-------+---------+---------+-------
      Total |      99 |       0 |   0.0 |      27 |       0 |   0.0
            +---------+---------+-------+---------+---------+-------
        D:1 |      42 |       0 |   0.0 |      16 |       0 |   0.0
        D:2 |      57 |       0 |   0.0 |      11 |       0 |   0.0
            +---------+---------+-------+---------+---------+-------
